 Dungeon Crawl Stone Soup version 0.21.0-24-g2553a33 (webtiles) character file.

208086 Gorice the Executioner (level 18, 0/170 HPs)
             Began as a Hill Orc Berserker on Jan 20, 2018.
             Was a High Priest of Trog.
             Slain by a merfolk impaler
             ... wielding a +0 trident of venom
              (8 damage)
             ... on level 4 of the Shoals on Jan 21, 2018.
             The game lasted 03:00:36 (36860 turns).

Gorice the Executioner (Hill Orc Berserker)        Turns: 36860, Time: 03:00:37

Health: 0/170      AC: 31    Str: 22    XL:     18   Next: 77%
Magic:  24/24      EV: 13    Int:  7    God:    Trog [*****.]
Gold:   1456       SH:  0    Dex: 16    Spells: 17/17 levels left

rFire    . . .     SeeInvis +   a - +6 executioner's axe (vamp)
rCold    + . .     Gourm    .   (shield currently unavailable)
rNeg     . . .     Faith    .   F - +3 plate armour {rC+}
rPois    .         Spirit   .   O - +0 mask of the Dragon {MR+ Slay+3 SInv}
rElec    .         Reflect  .   G - +1 cloak {MR+}
rCorr    .         Harm     .   P - +2 pair of gloves
MR       ++++.                  k - +2 pair of boots {run}
Stlth    ..........             W - amulet of regeneration
HPRegen  0.78/turn              m - ring of protection from magic
MPRegen  0.19/turn              e - +5 ring of evasion

@: very slightly contaminated, hasted, very quick
A: no striking features
}: 1/15 runes: gossamer
a: Berserk, Trog's Hand, Brothers in Arms, Burn Spellbooks, Renounce Religion


You were on level 4 of the Shoals.
You worshipped Trog.
Trog was extremely pleased with you.
You were not hungry.

You visited 6 branches of the dungeon, and saw 32 of its levels.
You visited 1 bazaar.
You also visited: Ice Cave.

You collected 3631 gold pieces.
You spent 2175 gold pieces at shops.

Inventory:

Hand Weapons
 a - a +6 vampiric executioner's axe (weapon)
   (You took it off Rupert on level 3 of the Lair of Beasts)
Missiles
 K - 17 steel javelins (quivered)
 Z - 3 throwing nets
Armour
 k - a +2 pair of boots of running (worn)
   (You acquired it on level 1 of the Lair of Beasts)
 F - a +3 plate armour of cold resistance (worn)
   (You took it off an orc warrior on level 2 of the Orcish Mines)
 G - a +1 cloak of magic resistance (worn)
   (You acquired it on level 1 of the Lair of Beasts)
 O - the +0 mask of the Dragon (worn) {MR+ Slay+3 SInv}
   (You bought it in a shop in a bazaar)

   It affects your accuracy and damage with ranged weapons and melee attacks
   (+3).
   It affects your resistance to hostile enchantments.
   It lets you see invisible.
 P - a +2 pair of gloves (worn)
Jewellery
 c - an uncursed ring of protection from cold
 e - a +5 ring of evasion (right hand)
 f - an uncursed ring of protection from fire
 m - a ring of protection from magic (left hand)
 C - an uncursed ring of resist corrosion
 W - an amulet of regeneration (around neck)
Wands
 j - a wand of iceblast (19)
 o - a wand of digging (25)
 v - a wand of clouds (4)
 w - a wand of paralysis (24)
 y - a wand of enslavement (16)
 I - a wand of acid (34)
 J - a wand of scattershot (5)
Scrolls
 b - 12 scrolls of identify
 d - 11 scrolls of remove curse
 q - 11 scrolls of teleportation {!r}
 t - 2 scrolls of fear {!r}
 z - a scroll of summoning {!r}
 L - 4 scrolls of magic mapping {!r}
Potions
 l - 3 potions of resistance {!q}
 n - 7 potions of haste {!q}
 r - 7 potions of agility {!q}
 s - 3 potions of cancellation {!q}
 u - 5 potions of heal wounds {!q}
 x - 4 potions of might {!q}
 D - 6 potions of flight
 R - 6 potions of curing
Comestibles
 g - 6 chunks of flesh
 U - 46 rations


   Skills:
 + Level 17.2 Fighting
 + Level 24.4 Axes
 - Level 10.0 Throwing
 - Level 17.7 Armour
 - Level 1.5 Dodging
 - Level 8.2 Evocations


You had 17 spell levels left.
You didn't know any spells.

Dungeon Overview and Level Annotations

Branches:
Dungeon (15/15)            Temple (1/1) D:5            Lair (6/6) D:8
 Shoals (4/4) Lair:3       Spider (4/4) Lair:3        Slime (0/5) Lair:6
    Orc (2/2) D:10            Elf (0/3) Orc:2        Vaults (0/5) D:13
 Depths (0/5) D:15

Altars:
Ashenzari
Cheibriados
Dithmenos
Elyvilon
Fedhas
Gozag
Hepliaklqana
Kikubaaqudgha
Makhleb
Nemelex Xobeh
Okawaru
Qazlal
Ru
Sif Muna
Trog
Uskayaw
Vehumet
Wu Jian
Xom
Yredelemnul
Zin
The Shining One
Beogh
Jiyva

Shops:
D:8 %(:*}   D:9 [   D:15 %   Orc:2 [*(:   Shoals:3 %

Annotations:
D:3 microfolk's ghost, amateur GnSk
D:5 vpUX: deep water spiral vault
Shoals:4 Ilsuiw


Message History

You slash the merfolk javelineer!
The merfolk javelineer is lightly wounded.
You slash the merfolk! You miss the merfolk impaler.
Your deep troll bites the merfolk but does no damage.
Your deep troll closely misses the merfolk. x2
The merfolk closely misses you.
The snapping turtle bites you but does no damage.
The merfolk misses you.
You slice the merfolk javelineer!!
The merfolk javelineer is heavily wounded.
You slash the merfolk!
You feel better.
You miss the merfolk. You miss the merfolk impaler.
Your deep troll bites the merfolk!!
Your deep troll misses the merfolk.
Your deep troll barely misses the merfolk.
The merfolk impaler hits you but does no damage.
The merfolk javelineer throws a silver javelin.
The silver javelin hits you!
* * * LOW HITPOINT WARNING * * *
The merfolk barely misses you.
The merfolk impaler hits you from afar with a demon trident of pain!
* * * LOW HITPOINT WARNING * * *
You writhe in agony.
* * * LOW HITPOINT WARNING * * *
The merfolk barely misses you. x2
Damage: 20 (max 34)
You slice the merfolk javelineer!!
The merfolk javelineer is almost dead.
You barely miss the merfolk impaler. You slice the merfolk!!
You feel better.
You kill the merfolk!
Trog accepts your kill.
You closely miss the merfolk.
The merfolk hits you from afar with a trident.
* * * LOW HITPOINT WARNING * * *
The merfolk impaler barely misses you.
The snapping turtle bites you from afar!
* * * LOW HITPOINT WARNING * * *
The merfolk misses you. The faun hits you but does no damage.
Your iron troll bites the merfolk javelineer!!
The merfolk javelineer dies!
Trog accepts your kill.
The merfolk impaler completely misses you.
Damage: 10 (max 34) Unknown command.
Unknown command.
You swap places.
Your deep troll bites the snapping turtle!
Your deep troll claws the snapping turtle! x2
The merfolk throws a tomahawk.
The tomahawk hits your deep troll!
The merfolk impaler hits you from afar with a trident of venom!
You die...

..PP.((.......!...........
.PP...........(...........
....!............%........
..................<.......
................kc.......
............cmmmc..(...
.......tm)mm......
......TTCT.......
.......@.........
.................
........(.......≈
..............≈≈
≈≈.....†..≈≈≈≈≈≈
≈≈≈≈≈≈≈≈≈≈≈≈≈≈≈≈
≈≈≈≈≈≈≈≈≈≈≈≈≈≈≈≈
≈≈≈≈≈≈≈≈≈≈≈≈≈≈≈≈
≈≈≈≈≈≈≈≈≈≈≈≈≈≈≈


You could see 2 merfolk impalers, a snapping turtle, a wind drake, 4 merfolk, 3
fauns, a friendly iron troll (berserk), 2 friendly deep trolls and a friendly
cyclops (berserk).

Vanquished Creatures
  Rupert (Lair:3)
  Gastronok (Lair:2)
  Frances (D:12)
  Agnes (Spider:3)
  A ghost moth (Spider:4)
  3 emperor scorpions (Spider:4)
  3 entropy weavers
  A white draconian (IceCv)
  A spark wasp (Spider:4)
  5 merfolk javelineers
  Snorg (Orc:1)
  4 merfolk impalers
  Josephine (D:10)
  3 fire dragons
  5 hydras
  Erica (D:9)
  4 centaur warriors
  5 merfolk avatars
  4 death yaks (Lair:5)
  2 merfolk aquamancers (Shoals:4)
  5 two-headed ogres
  A death knight (D:15)
  3 satyrs
  8 death scarabs (Spider:4)
  A queen ant (Lair:5)
  4 orc high priests
  Sonja (D:15)
  5 skeletal warriors
  2 unseen horrors
  9 sea snakes
  A wizard (D:15)
  12 harpies
  2 lindwurms (Lair:6)
  A phantasmal warrior (D:15)
  5 orc knights
  13 orb spiders
  7 spectral wolf spiders (Spider:4)
  4 deep elf magi
  33 wolf spiders
  2 wolf spider zombies
  7 ugly things
  3 cyclopes
  3 orc sorcerers (Orc:2)
  3 centaur zombies
  8 manticores
  5 merfolk sirens
  9 fauns
  4 moths of wrath
  3 elephants (Lair:2)
  Joseph (D:10)
  2 ice statues
  9 spiny frogs
  5 water nymphs
  7 torpor snails
  4 gargoyles
  Psyche (D:9)
  17 demonic crawlers
  5 spectral redbacks (Spider:4)
  5 komodo dragons
  5 rime drakes
  2 freezing wraiths
  2 tengu conjurers (D:13)
  32 merfolk
  3 trolls
  35 jumping spiders
  4 wind drakes
  5 spectral jumping spiders (Spider:4)
  11 hornets
  Grinder (D:6)
  12 polar bears
  A raiju (shapeshifter) (D:13)
  3 tyrant leeches
  2 jumping spider zombies (Spider:4)
  A tarantella zombie (Spider:4)
  8 snapping turtles
  6 slime creatures
  Prince Ribbit (D:5)
  11 blink frogs
  10 hippogriffs
  A meliai zombie (D:12)
  A vampire (D:15)
  63 yaks
  A shadow (D:12)
  45 redbacks
  Eustachio (D:6)
  A wyvern (D:8)
  A human (D:9)
  25 tarantellas
  2 water elementals (Shoals:3)
  6 wraiths
  3 basilisks
  3 hungry ghosts
  A steam dragon (D:14)
  The ghost of komo4ek the Grave Robber, an amateur HONe (D:4)
  8 vampire mosquitoes (D:13)
  3 wargs
  12 water moccasins
  26 soldier ants
  13 porcupines
  Duvessa (D:6)
  29 orc warriors
  A spectral hornet (Spider:4)
  An eye of draining (D:13)
  11 ice beasts
  A black bear (shapeshifter) (D:15)
  A hornet zombie (D:15)
  2 phantoms
  6 sky beasts
  A black bear (D:13)
  7 ogres
  4 necrophages
  21 wolves
  14 centaurs
  8 crocodiles
  3 big kobolds
  8 bullfrogs
  Dowan (D:6)
  3 scorpions
  A wyvern skeleton (D:14)
  A water moccasin skeleton (D:5)
  3 wights (D:6)
  2 howler monkeys
  4 electric eels
  6 crimson imps
  A quasit (D:9)
  12 hounds
  31 orc priests
  2 gnoll shamans
  2 jellies
  A bullfrog skeleton (D:4)
  4 centaur skeletons
  Ijyb (D:5)
  3 iguanas
  31 orc wizards
  27 worker ants
  A mummy (D:12)
  2 hound skeletons (D:5)
  8 gnolls
  9 adders
  4 shadow imps
  A white imp (Lair:4)
  An ooze (D:2)
  An adder zombie (D:7)
  2 worms
  5 dart slugs
  7 leopard geckos
  100 orcs
  5 giant cockroaches
  14 goblins
  10 hobgoblins
  3 jackals (D:4)
  24 kobolds
  3 quokkas
  3 bats
  7 frilled lizards
  A jackal skeleton (D:9)
  A leopard gecko zombie (D:5)
  14 rats
  5 fungi
  11 plants
1137 creatures vanquished.

Vanquished Creatures (collateral kills)
  An orc warlord (Orc:1)
  A merfolk javelineer (Shoals:4)
  2 two-headed ogres
  Urug (D:12)
  A deep elf knight (Orc:1)
  4 skeletal warriors (D:13)
  A shining eye (shapeshifter) (D:13)
  An orc sorcerer (Orc:1)
  An orb spider (shapeshifter) (D:13)
  A deep elf mage (Orc:1)
  A centaur zombie (D:12)
  2 water nymphs (Shoals:4)
  A rime drake (IceCv)
  2 merfolk (Shoals:4)
  4 polar bears (IceCv)
  A yak (IceCv)
  3 vampire mosquitoes (D:13)
  An orc warrior (Orc:1)
  An ogre (Orc:1)
  A wight (D:12)
  A crimson imp (D:12)
  A worker ant (D:9)
  A mummy (D:12)
34 creatures vanquished.

Vanquished Creatures (others)
  A satyr (Shoals:4)
  An orb spider (Spider:2)
  A kobold (D:14)
  A fungus (Lair:5)
  21 plants
  A withered plant (D:12)
26 creatures vanquished.

Grand Total: 1197 creatures vanquished

Notes
Turn   | Place    | Note
-------+----------+-------------------------------------------
     0 | D:1      | Gorice the Hill Orc Berserker began the quest for the Orb.
     0 | D:1      | Reached XP level 1. HP: 19/19 MP: 1/1
   149 | D:1      | Reached XP level 2. HP: 20/26 MP: 2/2
   262 | D:1      | Reached skill level 5 in Axes
   346 | D:1      | Reached XP level 3. HP: 18/31 MP: 3/3
   829 | D:2      | Found a stormy altar of Qazlal.
   894 | D:2      | Reached ** piety under Trog
   910 | D:2      | Found a white marble altar of Elyvilon.
  1159 | D:2      | Reached XP level 4. HP: 39/39 MP: 4/4
  1166 | D:2      | Reached skill level 3 in Armour
  1378 | D:3      | Reached skill level 6 in Axes
  1381 | D:3      | Noticed microfolk's ghost (amateur GnSk)
  2297 | D:3      | Reached XP level 5. HP: 45/45 MP: 5/5
  2565 | D:3      | Found a hazy altar of Hepliaklqana.
  2614 | D:3      | Found a shadowy altar of Dithmenos.
  2880 | D:4      | Reached skill level 7 in Axes
  3140 | D:4      | Found a transporter.
  3164 | D:4      | Found a transporter.
  3296 | D:4      | Reached skill level 4 in Armour
  3296 | D:4      | Reached XP level 6. HP: 26/51 MP: 6/6
  3481 | D:4      | Noticed komo4ek's ghost (amateur HONe)
  3497 | D:4      | Killed komo4ek's ghost
  3497 | D:4      | Reached skill level 8 in Axes
  3623 | D:5      | Entered Level 5 of the Dungeon
  3715 | D:5      | Noticed an ice beast
  3729 | D:5      | Killed an ice beast
  3729 | D:5      | Reached XP level 7. HP: 42/57 MP: 7/7
  3849 | D:5      | Reached skill level 9 in Axes
  3849 | D:5      | Reached skill level 5 in Armour
  3994 | D:5      | Noticed Ijyb
  4007 | D:5      | HP: 13/56 [Ijyb/wand of flame (6) (10)]
  4013 | D:5      | Killed Ijyb
  4363 | D:5      | Reached *** piety under Trog
  4382 | D:5      | Noticed Prince Ribbit
  4410 | D:5      | Killed Prince Ribbit
  4410 | D:5      | Reached skill level 10 in Axes
  4410 | D:5      | Reached XP level 8. HP: 43/63 MP: 8/8
  4614 | D:5      | Reached skill level 6 in Armour
  4698 | D:5      | Reached skill level 11 in Axes
  5081 | D:5      | Found a staircase to the Ecumenical Temple.
  5202 | Temple   | Entered the Ecumenical Temple
  5614 | D:6      | Noticed Duvessa
  5614 | D:6      | Noticed Dowan
  5645 | D:6      | Killed Duvessa
  5659 | D:6      | Killed Dowan
  5659 | D:6      | Reached skill level 7 in Armour
  5704 | D:6      | Noticed Eustachio
  5742 | D:6      | Killed Eustachio
  5742 | D:6      | Reached skill level 12 in Axes
  5742 | D:6      | Reached XP level 9. HP: 51/69 MP: 9/9
  6128 | D:6      | Noticed Grinder
  6163 | D:6      | Paralysed by Grinder for 7 turns
  6172 | D:6      | Killed Grinder
  6247 | D:6      | Reached skill level 13 in Axes
  6333 | D:6      | Reached **** piety under Trog
  6387 | D:6      | Reached skill level 8 in Armour
  6727 | D:6      | Found a glowing silver altar of Zin.
  6734 | D:6      | --vpUX: Zin altar $ behind grille
  6770 | D:6      | Found a shadowy altar of Dithmenos.
  7171 | D:7      | Found an iron altar of Okawaru.
  7230 | D:7      | Found an ornate altar of the Wu Jian Council.
  7578 | D:7      | Reached skill level 14 in Axes
  7812 | D:8      | Found Owad Nai's Food Shop.
  7885 | D:8      | Found Atukyib's Book Shop.
  7893 | D:8      | Found a staircase to the Lair.
  8041 | D:7      | Reached skill level 9 in Armour
  8041 | D:7      | Reached XP level 10. HP: 76/76 MP: 10/10
  8280 | D:8      | Found Peypt's Weapon Shoppe.
  8307 | D:8      | Reached skill level 15 in Axes
  8538 | D:8      | Found Sirolitwu's Gadget Shop.
  8541 | D:8      | Noticed a two-headed ogre
  8548 | D:8      | Noticed a two-headed ogre
  8554 | D:8      | Killed a two-headed ogre
  8564 | D:8      | Killed a two-headed ogre
  8564 | D:8      | Reached skill level 10 in Armour
  8658 | D:8      | Reached skill level 16 in Axes
  8785 | D:8      | Found Estoh's Assorted Antiques.
  8791 | D:8      | Bought a scroll labeled QIPRABLUOJI for 28 gold pieces
  8791 | D:8      | Bought a scroll labeled GOURPH HORAIPOHONA for 28 gold pieces
  8791 | D:8      | Bought a scroll labeled NIESCH INWOK for 28 gold pieces
  8819 | D:8      | Bought a vibrating marble ring for 140 gold pieces
  8821 | D:8      | Identified the cursed ring of Interdependent Arising {rF+ AC-3 Dex+2} (You bought it in a shop on level 8 of the Dungeon)
  8860 | Lair:1   | Entered Level 1 of the Lair of Beasts
  9183 | Lair:1   | Reached skill level 4 in Fighting
  9213 | Lair:1   | Reached skill level 5 in Fighting
  9213 | Lair:1   | Reached XP level 11. HP: 53/85 MP: 11/11
  9496 | Lair:1   | Reached ***** piety under Trog
  9496 | Lair:1   | Reached skill level 6 in Fighting
  9496 | Lair:1   | Reached skill level 11 in Armour
 10062 | Lair:2   | Found a frozen archway.
 10158 | IceCv    | Entered an ice cave
 10439 | IceCv    | Reached skill level 7 in Fighting
 10673 | IceCv    | Reached skill level 8 in Fighting
 10711 | IceCv    | Reached skill level 12 in Armour
 10956 | IceCv    | Received a gift from Trog
 11071 | IceCv    | Reached skill level 9 in Fighting
 11535 | IceCv    | Reached XP level 12. HP: 104/104 MP: 12/12
 11840 | IceCv    | Noticed a white draconian
 11868 | IceCv    | Killed a white draconian
 11868 | IceCv    | Reached skill level 10 in Fighting
 11884 | IceCv    | Reached skill level 13 in Armour
 12053 | Lair:2   | Noticed Gastronok
 12318 | Lair:2   | Killed Gastronok
 12318 | Lair:2   | Reached skill level 17 in Axes
 12757 | Lair:2   | Noticed a six-headed hydra
 12770 | Lair:2   | Killed a six-headed hydra
 12770 | Lair:2   | Reached skill level 11 in Fighting
 13030 | Lair:2   | Noticed a four-headed hydra
 13049 | Lair:2   | Killed a four-headed hydra
 13103 | Lair:2   | Reached XP level 13. HP: 106/115 MP: 13/13
 13506 | Lair:3   | Found a staircase to the Shoals.
 13519 | Lair:3   | Received a gift from Trog
 13710 | Lair:3   | Found a hole to the Spider Nest.
 13760 | Lair:3   | Reached skill level 14 in Armour
 13794 | Lair:3   | Noticed Rupert
 13806 | Lair:3   | Killed Rupert
 13806 | Lair:3   | Reached skill level 12 in Fighting
 13806 | Lair:3   | Reached skill level 18 in Axes
 16015 | Lair:5   | HP: 34/119 [poisoned by a queen ant]
 16020 | Lair:5   | HP: 23/119 [poisoned by a queen ant]
 16025 | Lair:5   | HP: 18/119 [poisoned by a queen ant]
 16030 | Lair:5   | HP: 14/119 [poisoned by a queen ant]
 16036 | Lair:5   | HP: 12/119 [poisoned by a queen ant]
 16041 | Lair:5   | HP: 12/119 [poisoned by a queen ant]
 16046 | Lair:5   | HP: 13/119 [poisoned by a queen ant]
 16051 | Lair:5   | HP: 14/119 [poisoned by a queen ant]
 16059 | Lair:5   | HP: 18/119 [poisoned by a queen ant]
 16283 | Lair:5   | Reached skill level 13 in Fighting
 16382 | Lair:5   | Noticed an entropy weaver
 16383 | Lair:5   | Noticed an entropy weaver
 16411 | Lair:5   | Killed an entropy weaver
 16411 | Lair:5   | Received a gift from Trog
 16872 | Lair:5   | Killed an entropy weaver
 16872 | Lair:5   | Reached skill level 15 in Armour
 16934 | Lair:6   | Entered Level 6 of the Lair of Beasts
 16951 | Lair:5   | Reached XP level 14. HP: 110/129 MP: 14/14
 16995 | Lair:5   | Reached skill level 19 in Axes
 17671 | Lair:6   | Found a viscous altar of Jiyva.
 17676 | Lair:6   | Found a staircase to the Slime Pits.
 17693 | Lair:6   | Reached skill level 14 in Fighting
 17860 | Lair:6   | Found a runed door.
 18853 | D:9      | Found Qutuuna's Armour Boutique.
 18885 | D:9      | Received a gift from Trog
 19155 | D:9      | Noticed Psyche
 19166 | D:9      | Killed Psyche
 19291 | D:9      | Noticed Erica
 19308 | D:9      | Killed Erica
 19510 | D:9      | Found a bloodstained altar of Trog.
 19753 | D:9      | Identified a scroll of acquirement
 19754 | D:9      | Got a faintly humming cloak
 19765 | D:9      | Identified the +0 cloak "Gianoyc" {rElec rF- rC+ rCorr} (You acquired it on level 9 of the Dungeon)
 19811 | D:10     | Entered Level 10 of the Dungeon
 19891 | D:10     | Noticed Joseph
 19894 | D:10     | Found an ornate altar of the Wu Jian Council.
 19902 | D:10     | Killed Joseph
 19923 | D:10     | Found a sparkling altar of Nemelex Xobeh.
 19947 | D:10     | Noticed Josephine
 19976 | D:10     | Killed Josephine
 19976 | D:10     | Reached skill level 16 in Armour
 20072 | D:10     | Received a gift from Trog
 20093 | D:10     | Got an iridescent hunting sling {god gift}
 20328 | D:10     | --woah - 3 scrolls of acquirement!
 20444 | D:10     | Found a staircase to the Orcish Mines.
 20485 | Orc:1    | Entered Level 1 of the Orcish Mines
 20615 | Orc:1    | Noticed an orc warlord
 20620 | Orc:1    | Killed an orc warlord
 20624 | Orc:1    | Reached skill level 20 in Axes
 20690 | Orc:1    | Found a roughly hewn altar of Beogh.
 20844 | Orc:2    | Entered Level 2 of the Orcish Mines
 20844 | Orc:2    | Noticed Snorg
 20853 | Orc:1    | Killed Snorg
 20853 | Orc:1    | Reached XP level 15. HP: 128/139 MP: 15/15
 20895 | Orc:2    | Reached skill level 15 in Fighting
 20911 | Orc:2    | Received a gift from Trog
 20950 | Orc:2    | Found a staircase to the Elven Halls.
 21440 | Orc:2    | Found Qixiy's Antique Weapon Shop.
 21440 | Orc:2    | Found Ytuge's Book Shoppe.
 21442 | Orc:2    | Found Kanaph's Assorted Antiques.
 21442 | Orc:2    | Found Wuquc's Antique Armour Shop.
 21485 | Orc:2    | Found a roughly hewn altar of Beogh.
 22021 | Lair:1   | Identified the +2 hunting sling of Isanupp {speed, +Fly Stlth+} (Trog gifted it to you on level 10 of the Dungeon)
 22036 | Lair:1   | Got a bloodstained buckler
 22049 | Lair:1   | Identified a +2 pair of boots of running (You acquired it on level 1 of the Lair of Beasts)
 22050 | Lair:1   | Found the +2 ratskin cloak {+Rats rPois rN+ Str-1 Int-1 Dex+1}
 22258 | D:11     | You fall through a shaft for 3 floors!
 22278 | D:13     | HP: 36/141 [skeletal warrior/glaive[a skeletal warrior] (17)]
 22289 | D:12     | HP: 56/211 [slime creature (7)]
 22331 | D:12     | Noticed Frances
 22481 | D:12     | Killed Frances
 22496 | D:12     | Noticed Urug
 22503 | D:12     | Killed Urug
 22511 | D:12     | Received a gift from Trog
 23552 | D:13     | HP: 41/143 [skeletal warrior/glaive[a skeletal warrior] (10)]
 23553 | D:13     | Reached skill level 17 in Armour
 23560 | D:13     | Reached skill level 16 in Fighting
 23936 | D:13     | Found a gate to the Vaults.
 23998 | D:13     | Reached skill level 21 in Axes
 24038 | D:13     | You fall through a shaft for 2 floors!
 24038 | D:15     | Entered Level 15 of the Dungeon
 24109 | D:15     | Found Tinado's Food Shoppe.
 24135 | D:15     | Found a basalt altar of Yredelemnul.
 24432 | D:13     | Received a gift from Trog
 24577 | D:13     | Found a gateway to a bazaar.
 24590 | Bazaar   | Entered a bazaar
 24590 | Bazaar   | Found Iney's Food Shop.
 24590 | Bazaar   | Found Romn's Antique Armour Emporium.
 24590 | Bazaar   | Found Qaured's Distillery.
 24590 | Bazaar   | Found Ereu's Distillery.
 24592 | Bazaar   | Found Hero's Assorted Antiques.
 24592 | Bazaar   | Found Dimpoll's Gadget Boutique.
 24626 | Bazaar   | Bought the +0 mask of the Dragon {MR+ Slay+3 SInv} for 1035 gold pieces
 24626 | Bazaar   | Found the +0 mask of the Dragon {MR+ Slay+3 SInv}
 24673 | Bazaar   | Bought a potion of might for 28 gold pieces
 24673 | Bazaar   | Bought a potion of might for 28 gold pieces
 24673 | Bazaar   | Bought a potion of curing for 21 gold pieces
 24673 | Bazaar   | Bought a potion of resistance for 70 gold pieces
 24673 | Bazaar   | Bought a potion of curing for 21 gold pieces
 24673 | Bazaar   | Bought a potion of might for 28 gold pieces
 24685 | Bazaar   | Bought a potion of heal wounds for 80 gold pieces
 24685 | Bazaar   | Bought 2 potions of heal wounds for 160 gold pieces
 24685 | Bazaar   | Bought a potion of heal wounds for 80 gold pieces
 24685 | Bazaar   | Bought a potion of curing for 48 gold pieces
 24685 | Bazaar   | Bought a potion of curing for 48 gold pieces
 24685 | Bazaar   | Bought a potion of curing for 48 gold pieces
 24685 | Bazaar   | Bought a potion of cancellation for 128 gold pieces
 24685 | Bazaar   | Bought a potion of mutation for 128 gold pieces
 24933 | D:13     | Received a gift from Trog
 24945 | D:13     | Found a roughly hewn altar of Beogh.
 25428 | D:14     | Reached XP level 16. HP: 143/152 MP: 16/16
 25790 | D:14     | Found a shimmering altar of Xom.
 25957 | D:15     | Found a staircase to the Depths.
 26149 | D:15     | Received a gift from Trog
 26150 | D:15     | Got a twisted battleaxe {god gift}
 26151 | D:15     | Identified the +11 battleaxe of Inconvenience {elec, +Rage rElec rF- Dex+4} (Trog gifted it to you on level 15 of the Dungeon)
 26733 | D:15     | Noticed Sonja
 26739 | D:15     | Killed Sonja
 27086 | Spider:1 | Entered Level 1 of the Spider Nest
 27420 | Spider:1 | Reached skill level 1 in Throwing
 27420 | Spider:1 | Reached skill level 1 in Evocations
 28106 | Spider:2 | Reached skill level 2 in Evocations
 28122 | Spider:2 | Reached skill level 2 in Throwing
 28474 | Spider:2 | Reached skill level 3 in Evocations
 28542 | Spider:2 | Reached skill level 3 in Throwing
 28650 | Spider:2 | Reached skill level 22 in Axes
 28763 | Spider:2 | Received a gift from Trog
 28792 | Spider:2 | Reached skill level 4 in Evocations
 29283 | Spider:3 | Reached skill level 4 in Throwing
 29505 | Spider:3 | Reached ****** piety under Trog
 29632 | Spider:3 | Received a gift from Trog
 29633 | Spider:3 | Got an iridescent battleaxe {god gift}
 29634 | Spider:3 | Identified the +7 battleaxe of Anxiety {chop, -Tele rF+ MR+} (Trog gifted it to you on level 3 of the Spider Nest)
 29655 | Spider:3 | Reached skill level 5 in Evocations
 29655 | Spider:3 | Reached XP level 17. HP: 160/160 MP: 20/20
 29956 | Spider:3 | Noticed Agnes
 29965 | Spider:3 | Killed Agnes
 29965 | Spider:3 | Reached skill level 5 in Throwing
 30384 | Spider:4 | Entered Level 4 of the Spider Nest
 30575 | Spider:4 | Reached skill level 6 in Evocations
 31066 | Spider:4 | Reached skill level 6 in Throwing
 31189 | Spider:4 | Received a gift from Trog
 31276 | Spider:4 | Reached skill level 7 in Evocations
 31474 | Spider:4 | Paralysed by a hornet for 1 turns
 31680 | Spider:4 | Reached skill level 7 in Throwing
 31700 | Spider:4 | Reached skill level 23 in Axes
 32118 | Spider:4 | Reached skill level 8 in Evocations
 32396 | Spider:4 | Got a gossamer rune of Zot
 33203 | Shoals:1 | Entered Level 1 of the Shoals
 33451 | Shoals:1 | Received a gift from Trog
 33569 | Shoals:1 | Reached XP level 18. HP: 80/168 MP: 24/24
 33991 | Shoals:2 | Reached skill level 8 in Throwing
 35017 | Shoals:3 | Reached skill level 9 in Throwing
 35045 | Shoals:3 | Received a gift from Trog
 35579 | Shoals:3 | Reached skill level 24 in Axes
 35621 | Shoals:3 | HP: 45/168 [drowned by a drowned soul[a merfolk avatar] (16)]
 35626 | Shoals:3 | HP: 40/168 [drowned by a drowned soul[a merfolk avatar] (9)]
 35630 | Shoals:3 | HP: 19/168 [drowned by a drowned soul[a merfolk avatar] (12)]
 35947 | Shoals:3 | Reached skill level 10 in Throwing
 36101 | Shoals:3 | Found Vaorusch's Food Emporium.
 36508 | Shoals:4 | Entered Level 4 of the Shoals
 36521 | Shoals:4 | Reached skill level 17 in Fighting
 36557 | Shoals:4 | HP: 48/169 [merfolk impaler/demon trident of pain (15)]
 36557 | Shoals:4 | HP: 22/169 [merfolk impaler/trident of piercing (5)]
 36755 | Shoals:4 | Noticed Ilsuiw
 36834 | Shoals:4 | HP: 49/170 [merfolk/tomahawk (12)]
 36837 | Shoals:4 | HP: 18/170 [merfolk/trident (9)]
 36840 | Shoals:4 | HP: 3/170 [merfolk impaler/demon trident of pain (6)]
 36851 | Shoals:4 | HP: 41/170 [merfolk javelineer/silver javelin (2)]
 36856 | Shoals:4 | HP: 37/170 [merfolk javelineer/silver javelin (13)]
 36858 | Shoals:4 | HP: 17/170 [merfolk impaler/demon trident of pain (3)]
 36859 | Shoals:4 | HP: 7/170 [snapping turtle (8)]
 36860 | Shoals:4 | Slain by a merfolk impaler

Skill      XL: |  1  2  3  4  5  6  7  8  9 10 11 12 13 14 15 16 17 18 |
---------------+-------------------------------------------------------+-----
Axes           | 5 6 7 8 10 12 14 16 17 18 20 21 22 23 24 | 24.4
Armour         | 3 4 5 7 9 10 12 13 15 16 17 | 17.7
Fighting       | 5 9 11 13 14 16 17 | 17.2
Throwing       | 4 7 10 | 10.0
Evocations     | 5 8 |  8.2
Dodging        | |  1.5

Action                   |  1- 3 |  4- 6 |  7- 9 | 10-12 | 13-15 | 16-18 || total
-------------------------+-------+-------+-------+-------+-------+-------++-------
Melee: Hand axe          |   101 |   233 |   376 |   107 |       |       ||   817
       Dagger            |       |       |    14 |       |       |       ||    14
       War axe           |       |       |       |   377 |     1 |       ||   378
       Battleaxe         |       |       |       |    77 |  1368 |   671 ||  2116
       Morningstar       |       |       |       |    19 |    15 |     6 ||    40
       Executioner's axe |       |       |       |       |       |   425 ||   425
 Fire: Hunting sling     |    16 |    22 |    98 |    31 |     2 |       ||   169
Throw: Stone             |       |     4 |       |     2 |       |       ||     6
       Tomahawk          |       |       |       |    13 |     1 |       ||    14
       Throwing net      |       |       |       |       |     1 |     1 ||     2
       Javelin           |       |       |       |       |     1 |    64 ||    65
Invok: Berserk           |       |     2 |     1 |     3 |     3 |       ||     9
       Brothers in Arms  |       |       |       |     1 |     8 |     5 ||    14
       Trog's Hand       |       |       |       |       |     1 |       ||     1
Evoke: Wand              |       |       |     3 |       |     2 |    14 ||    19
  Use: Scroll            |     2 |     8 |     4 |     8 |    16 |    17 ||    55
       Potion            |       |     1 |       |       |     3 |     6 ||    10
 Stab: Distracted        |       |       |       |     1 |     1 |       ||     2
       Paralysed         |       |       |       |       |       |     1 ||     1
  Eat: Chunk             |     1 |    10 |    14 |    17 |    42 |    27 ||   111
       Ration            |       |       |       |     1 |     1 |     5 ||     7
Armor: Ring mail         |    16 |       |       |       |       |       ||    16
       Scale mail        |    12 |    87 |    85 |       |       |       ||   184
       Chain mail        |       |       |    33 |       |       |       ||    33
       Plate armour      |       |       |     2 |   367 |   862 |  1099 ||  2330
Dodge: Dodged            |    54 |    78 |   107 |   140 |   396 |   877 ||  1652
Block: Buckler           |       |    33 |    65 |    66 |       |       ||   164

Table legend:
 A = Turns spent in this place as a percentage of turns spent in the entire game.
 B = Non-inter-level travel turns spent in this place as a percentage of non-inter-level travel turns spent in the entire game.
 C = Inter-level travel turns spent in this place as a percentage of turns spent in this place.
 D = Turns resting spent in this place as a percentage of non-inter-level travel turns spent in this place.
 E = Turns spent auto-exploring this place as a percentage of non-inter-level travel turns spent in this place.
 F = Non-inter-level travel turns spent in this place divided by the number of levels of this place that you've seen.
                   A       B       C       D       E      F
               +-------+-------+-------+-------+-------+----------------------
         Total | 100.0 | 100.0 |   8.0 |  22.4 |  37.6 | 997.3
       Dungeon |  42.2 |  42.0 |   8.5 |  17.7 |  43.4 | 949.2
        Temple |   0.5 |   0.5 |  10.8 |   0.0 |  96.4 | 166.0
          Lair |  23.9 |  23.1 |  11.1 |  26.0 |  37.5 | 1303.7
        Shoals |   9.6 |   9.9 |   4.7 |  24.8 |  32.8 | 839.5
   Spider Nest |  14.5 |  14.7 |   7.2 |  20.5 |  37.2 | 1243.8
  Orcish Mines |   3.9 |   4.0 |   5.8 |   9.5 |  38.9 | 674.5
        Bazaar |   0.3 |   0.3 |   0.0 |   0.0 |   0.0 | 109.0
      Ice Cave |   5.1 |   5.6 |   0.0 |  55.9 |   0.0 | 1891.0
               +-------+-------+-------+-------+-------+----------------------

Vault maps used:
D:1:      minmay_arrival_split_and_join, roderic_serpentine_path
D:2:      elyvilon_altar_4, kennysheep_another_room,
          nicolae_qazlal_general_emergency
D:3:      lemuel_round_altar, lemuel_coloured_pillars_altar, first_ration,
          due_unseen_surprise
D:4:      gammafunk_steamed_eel
D:5:      cheibrodos_thug_alley, temple_doors_ab, nrook_pool_corridor,
          minmay_misc_feat_alley, water_maze_lemuel, uniq_ijyb,
          uniq_prince_ribbit1
D:6:      zin_treasury, grunt_dithmenos_shadows, uniq_grinder, uniq_duvessa,
          uniq_eustachio
D:7:      overflow_temple_1_default, kennysheep_mini_moat
D:8:      david_lair_generic, serial_shops, kennysheep_mini, shop_statue, shop,
          nicolae_shop_trees, shop
D:9:      corexii_shack_village, tgw_trog, serial_shops, shop, grunt_pizzeria,
          uniq_psyche, uniq_erica
D:10:     hiddenorc1_lemuel, basic_altar, nemelex_xobeh_ov_fountains_minmay,
          uniq_josephine, uniq_joseph
D:11:     minmay_misc_feat_tower
D:12:     serial_undead, serial_undead_e, serial_undead_c, serial_undead_f,
          serial_undead_c, uniq_urug, uniq_frances
D:13:     david_vaults_2, special_room, serial_shops, bzr_entry_safe,
          grunt_ministairs_7, minivault_23
D:14:     serial_park, serial_park_square1, serial_park_tiny_pond,
          serial_park_square2, grunt_ministairs_15, tgw_xom
D:15:     grunt_enter_depths_hoard, yredelemnul_altar_generic, serial_shops,
          nicolae_shop_stone, nicolae_wwwww, uniq_sonja
Temple:   bh_familiar_temple
Lair:1:   st_stairs_13, eino_small_chamber_without_monster,
          serial_bayou_shore_b, serial_bayou_shore_b, infiniplex_staircase_pool
Lair:2:   portal_ice_cave_entry_pillars_2, grunt_megastairs_2, uniq_gastronok
Lair:3:   minmay_shoals_entry_beasts, spider_nest_entry_a, st_stairs_3,
          infiniplex_staircase_pool_2, uniq_rupert
Lair:4:   ice2_lemuel
Lair:5:   minivault_29, grunt_megastairs_5
Lair:6:   wormcave, slime_altar_1
Shoals:3: serial_shops, shop, nicolae_shoals_hunting_party
Shoals:4: shoals_end_grunt_garden, shoals_ilsuiw_alternative,
          hangedman_feature_mirror, nicolae_shoals_this_corrosion,
          uniq_polyphemus
Spider:2: nicolae_spider_mines_3
Spider:3: uniq_agnes
Spider:4: floodkiller_spider_rune_tomb
Orc:1:    basic_altar, elf_legates
Orc:2:    grunt_orc_tribal_feast, mines1_david, uniq_snorg
Bazaar:   bazaar_minmay_generic_island
IceCv:    ice_cave_caverns_01
